[Event "USA Championship 2024"]
[Site "Saint Louis"]
[Date "2024.10.17"]
[Round "6.1"]
[White "Dominguez Perez, Leinier"]
[Black "Mishra, Abhimanyu"]
[Result "1-0"]
[ECO "B90"]
[WhiteElo "2741"]
[BlackElo "2630"]
[Annotator "TA"]
[PlyCount "133"]
[EventDate "2024.10.09"]
[EventType "tourn"]
[EventCountry "USA"]
[SourceTitle "playchess.com"]
[Source "ChessBase"]
[SourceQuality "1"]
[TimeControl "40/5400+30:1800+30"]

1. e4 c5 2. Nf3 d6 3. d4 cxd4 4. Nxd4 Nf6 5. Nc3 a6 6. Be3 e5 7. Nf3 Be7 8. Bc4 O-O 9. O-O Nc6 10. Bg5 Be6 11. Qe2 Nd7 12. Bxe7 Qxe7 13. Nd5 Bxd5 14. Bxd5 Nf6 15. Rad1 Rac8 16. c3 Rfd8 17. g3 Nxd5 18. Rxd5 Qe6 19. Rfd1 Ne7 20. R5d3 f6 21. Nh4 Rd7 22. b3 d5 23. exd5 Rxd5 24. c4 Rxd3 25. Qxd3 b6 26. Ng2 Nf5 27. Qe4 Re8 28. Ne3 Nd4 29. Nc2 Nc6 30. Ne3 Nd4 31. Nc2 Nc6 32. Qe3 Rb8 33. Rd2 h6 34. h4 f5 35. Nd4 Nxd4 36. Rxd4 Re8 37. Rd5 Kh8 38. Qd3 Qf6 39. Rd6 Re6 40. Rxe6 Qxe6 41. b4 Qc6 (41... f4 $11 {keeps the balance.}) 42. h5 $1 $16 (42. Qxf5 $6 Qxc4 43. Qxe5 Qxb4 $11) 42... Kg8 43. a3 (43. Qxf5 $16 {Black must now prevent Qc2.} Qxc4 44. Qxe5) 43... e4 44. Qd4 Kf7 45. c5 bxc5 46. bxc5 Qe6 47. Kf1 g5 48. hxg6+ Kxg6 49. Qc3 Qc6 50. Ke1 (50. a4 $16) 50... h5 (50... Kf7 $14) 51. Qe5 Qd7 52. Qc3 Qc6 {[%emt 0:00:29] [#]} 53. Qb4 (53. a4 $1 $16) 53... Kf7 $1 $11 54. Qb6 Qb5 55. Qc7+ Ke8 (55... Kf6 $11) 56. Qe5+ $14 Kd8 57. Qd4+ (57. Qxf5 Qb1+ 58. Ke2 Qd3+ 59. Ke1 Qb1+ 60. Ke2 Qd3+ 61. Ke1 Qb1+ $11) 57... Kc8 58. a4 Qb3 $2 {[%emt 0:01:14] [#]} (58... Qd7 $14 59. Qf6 a5) 59. c6 $1 $18 Qd3 $2 (59... Qb1+ $18 60. Kd2 e3+ 61. Kxe3 (61. Qxe3 Qb2+ 62. Kd1 Qb1+ 63. Ke2 Qc2+ 64. Kf1 Qxc6 $14) (61. fxe3 Qa2+ 62. Kc3 Qa3+ 63. Kc2 Qa2+ 64. Kd3 Qb3+ 65. Kd2 Qa2+ 66. Ke1 Qb1+ 67. Ke2 Qc2+ 68. Kf3 Qxc6+ 69. Kf4 Qc7+ 70. Qe5 Qc4+ 71. Qd4 Qc7+ 72. Kg5 Qxg3+ 73. Kxh5 Qg8 $11) 61... Qc1+ 62. Kf3 Qxc6+ 63. Kf4 Qg6 64. Qc5+ Kb8 65. Qxf5 Qh6+ 66. Ke5 Qd2) 60. Qb6 Qd6 61. Qxa6+ Kd8 62. Qa8+ (62. Qa5+ Ke7 63. c7 (63. Qxf5 Qxc6 64. Qg5+ Kf8 $18) 63... Qc6 $18) 62... Ke7 63. Qb7+ Kf6 64. c7 e3 65. Qb2+ (65. c8=R $2 {leads to mate.} Qd2+ 66. Kf1 Qxf2#) 65... Kg6 66. c8=Q exf2+ 67. Kxf2 1-0

[Event "USA Championship 2024"]
[Site "Saint Louis"]
[Date "2024.10.17"]
[Round "6.2"]
[White "Caruana, Fabiano"]
[Black "Oparin, Grigoriy"]
[Result "1-0"]
[ECO "C50"]
[WhiteElo "2796"]
[BlackElo "2662"]
[Annotator "TA"]
[PlyCount "107"]
[EventDate "2024.10.09"]
[EventType "tourn"]
[EventCountry "USA"]
[SourceTitle "playchess.com"]
[Source "ChessBase"]
[SourceQuality "1"]
[TimeControl "40/5400+30:1800+30"]

1. e4 e5 2. Nf3 Nc6 3. Bc4 Nf6 4. d3 h6 5. a3 Bc5 6. Nc3 a6 7. Be3 {[%emt 0:00:11] C50: Hungarian Defence and Giuoco Pianissimo.} d6 8. Bxc5 $1 {[%emt 0:01:18][%mdl 4] is now more promising than 8.h3.} dxc5 9. O-O $146 ({Predecessor:} 9. Nd5 O-O 10. Ne3 Re8 11. O-O b5 12. Ba2 Be6 13. Bxe6 Rxe6 14. a4 g6 15. Nd2 {0-1 Alekseenko,K (2679)-Navara,D (2681) Julius Baer GenCup D3 L rapid 2024 (3.3)}) 9... Qd6 10. Nd5 Nxd5 11. exd5 Ne7 12. Qe1 f6 13. Nd2 Bf5 14. Ne4 Bxe4 15. dxe4 O-O 16. b4 b6 17. bxc5 Qxc5 18. Qb4 Qd6 19. Qxd6 cxd6 20. Rfb1 Nc8 21. Be2 f5 22. f3 Ra7 23. Rb3 fxe4 24. fxe4 Rc7 25. c4 g6 26. a4 a5 27. Rc1 h5 28. g3 Kg7 29. h4 Rff7 30. Kg2 Rf6 31. Bf3 Rff7 (31... Rcf7 $14) 32. Be2 Rf6 $1 33. Ra1 Rff7 34. Rf3 Rxf3 35. Kxf3 Ne7 36. Rb1 Rb7 37. Ke3 Ng8 38. g4 (38. c5 $1 $16 dxc5 39. d6 (39. Ba6 Rb8 $14)) 38... hxg4 $1 $11 39. Bxg4 Nf6 40. Be6 Rb8 {[%emt 0:04:53] [#]} (40... Ne8 $1 $11 {keeps the balance.}) 41. c5 $1 $16 dxc5 42. d6 Rh8 43. d7 Rd8 (43... Rb8 $16) 44. Rxb6 $18 Kf8 45. Bc4 Kg7 {[%emt 0:02:06] [#]} 46. Bb5 $1 Kf7 47. Rc6 Nxd7 (47... Ke7 $142 48. Rxc5 Kd6 49. Rc6+ Ke7) 48. Bc4+ $18 Ke7 49. Re6+ ({Less strong is} 49. Rxg6 Rh8 $11) 49... Kf7 50. Rxe5+ Kf8 51. Re6 Rb8 52. Bb5 ({Much less strong is} 52. Rxg6 Rb4 $18) 52... Rb7 53. Rxg6 Ne5 54. Rg5 1-0

[Event "USA Championship 2024"]
[Site "Saint Louis"]
[Date "2024.10.17"]
[Round "6.3"]
[White "Niemann, Hans Moke"]
[Black "Aronian, Levon"]
[Result "1/2-1/2"]
[ECO "C11"]
[WhiteElo "2733"]
[BlackElo "2738"]
[Annotator "RC"]
[PlyCount "68"]
[EventDate "2024.10.09"]
[EventType "tourn"]
[EventCountry "USA"]
[SourceTitle "playchess.com"]
[Source "ChessBase"]
[SourceQuality "1"]
[TimeControl "40/5400+30:1800+30"]

1. e4 e6 2. d4 d5 3. Nc3 Nf6 4. e5 Nfd7 5. f4 c5 6. Nf3 Nc6 7. Be3 a6 8. Qd2 b5 9. h4 Bb7 10. Qf2 cxd4 11. Nxd4 Nxd4 12. Bxd4 Qc7 13. Bd3 Bc5 14. Ne2 f6 15. O-O O-O 16. Qe3 fxe5 17. fxe5 Rxf1+ 18. Rxf1 Bxd4 19. Nxd4 Qxe5 20. Qxe5 Nxe5 21. Re1 Nc4 22. Bxc4 dxc4 23. Rxe6 c3 24. b4 Rd8 25. Nb3 Bd5 26. Re3 Bxb3 27. axb3 Rd4 28. Rxc3 Rxb4 29. Rc8+ Kf7 30. Rc7+ Kf8 31. Rc8+ Ke7 32. Rc7+ Kf8 33. Rc8+ Ke7 34. Rc7+ Kf8 1/2-1/2

[Event "USA Championship 2024"]
[Site "Saint Louis"]
[Date "2024.10.17"]
[Round "6.4"]
[White "Shankland, Sam"]
[Black "Robson, Ray"]
[Result "1-0"]
[ECO "C11"]
[WhiteElo "2677"]
[BlackElo "2693"]
[Annotator "TA"]
[PlyCount "73"]
[EventDate "2024.10.09"]
[EventType "tourn"]
[EventCountry "USA"]
[SourceTitle "playchess.com"]
[Source "ChessBase"]
[SourceQuality "1"]
[TimeControl "40/5400+30:1800+30"]

1. e4 e6 2. d4 d5 3. Nc3 Nf6 4. e5 Nfd7 5. Nce2 c5 6. c3 Nc6 7. Nf3 cxd4 8. cxd4 f6 9. Nf4 Bb4+ (9... fxe5 10. Nxe6 Qb6 11. Be2) 10. Bd2 Qe7 11. exf6 Nxf6 {[%emt 0:03:38] White must now prevent ...Bxd2+.} 12. a3 {[%emt 0:12:22] The position is equal.} Bxd2+ 13. Qxd2 e5 14. dxe5 Nxe5 15. Nxe5 (15. Nxd5 $2 Nxf3+ 16. Kd1 Nxd2 $19) 15... Qxe5+ 16. Qe2 Qxe2+ 17. Nxe2 Ke7 18. Nd4 Bd7 19. Bd3 Kd6 20. f3 g5 21. Kd2 h5 22. Rae1 Rae8 23. Bg6 (23. Bf5 {simplifies} Rxe1 24. Rxe1 Re8 25. Rxe8 Nxe8 26. Bxd7 Kxd7 27. Ke3) 23... Rc8 24. Re3 g4 (24... Rhg8 $11 25. Bd3 Rce8) 25. Rhe1 {[%emt 0:04:27][%cal Oe3e6] Re6+! would now be deadly.} (25. Nf5+ {simplifies} Kc7 26. Ne7 Rcd8 27. f4) 25... Rhf8 26. Kd3 {[%emt 0:03:46] White is much more active.} gxf3 27. gxf3 ({Reject} 27. Rxf3 Ng4 $11) 27... Rc4 {[%emt 0:03:28] [#]} (27... h4 $14) 28. b3 $1 $16 {[%emt 0:02:15] Some like it hot} Kc5 {[%emt 0:01:55][%mdl 8192] Black cannot hold the game after this.} 29. Ne6+ $18 Bxe6 30. Rxe6 Rf4 31. Rc1+ Kb5 32. Ke2 Nd7 33. Bd3+ ({Less strong is} 33. Bxh5 R8f6 (33... Rh4 $2 34. Be8 $18) 34. Re7 Nc5 $16) 33... Ka5 34. Rc7 R8f7 35. Rxb7 Nb6 {[%emt 0:00:26] [#]} 36. Rc6 $1 Rc4 {[%emt 0:00:35] Inhibits Rc5+.} (36... Nc4 37. Rc5+) 37. Rxf7 {[%emt 0:00:11] Weighted Error Value: White=0.07 (flawless) /Black=0.65.  Loses game:     	---       	Black=1      Mistake:       	---       	Black=2      Inaccurate:     	White=2     	Black=2      OK:         	White=2     	Black=4      Best:        	White=1     	Black=1      Strong:       	White=1     	---} 1-0

[Event "USA Championship 2024"]
[Site "Saint Louis"]
[Date "2024.10.17"]
[Round "6.5"]
[White "So, Wesley"]
[Black "Sevian, Samuel"]
[Result "1/2-1/2"]
[ECO "A29"]
[WhiteElo "2751"]
[BlackElo "2689"]
[Annotator "TA"]
[PlyCount "92"]
[EventDate "2024.10.09"]
[EventType "tourn"]
[EventCountry "USA"]
[SourceTitle "playchess.com"]
[Source "ChessBase"]
[SourceQuality "1"]
[TimeControl "40/5400+30:1800+30"]

1. c4 e5 2. Nc3 Nf6 3. Nf3 Nc6 4. g3 d5 5. cxd5 Nxd5 6. Bg2 Nb6 7. O-O Be7 8. Rb1 a5 9. d3 Be6 10. Be3 O-O 11. a3 Re8 12. Re1 Nd5 13. Nxd5 Bxd5 14. Qa4 Bf6 15. Rbc1 Nd4 16. Nxd4 {[%emt 0:00:16] [#] Threatens to win with Nb5.} Bxg2 17. Ne6 Rxe6 18. Kxg2 c6 19. Qe4 Be7 20. Rc4 g6 21. g4 Bg5 22. Rh1 Bxe3 23. Qxe3 Qd5+ 24. f3 b5 25. Rc2 Qd4 26. Qe4 Rf8 27. Qxd4 exd4 $11 {[%emt 0:00:04][%mdl 4096] Endgame. [#] KRR-KRR} 28. a4 $1 Rfe8 ({Much worse is} 28... bxa4 29. Ra1 $16) 29. Kf2 Re5 30. axb5 {[%emt 0:12:11] The position is equal.} Rxb5 31. Ra1 g5 32. b3 c5 33. Ra4 h6 34. Rca2 Rxb3 35. Rxa5 Rc3 36. Ra8 Rxa8 37. Rxa8+ {[%emt 0:00:02] KR-KR} Kg7 38. Rc8 Rc1 39. Rc6 f6 40. h3 Kg6 41. Re6 Kf7 42. Re4 Rh1 43. Kg2 Re1 44. Kf2 Rh1 45. Kg2 Re1 46. Kf2 Rh1 {[%emt 0:00:16] Weighted Error Value: White=0.04 (flawless) /Black=0.04 (flawless) .  Inaccurate:     	White=1     	Black=1      OK:         	White=16    	Black=17     Best:        	---       	Black=2} 1/2-1/2